TOP OF THE 1ST |
Balzac Rams batting - Pitching for Bismark Border Guards : LHP Pedro Mata
|
Pitching: LHP Pedro Mata
|
|
Batting: RHB Luis González
|
0-0: Ball 1-0: Called Strike 1-1: Ball 2-1: Foul Ball, location: 2F 2-2: Ball 3-2: Base on Balls
|
Batting: LHB Ryan Drake
|
0-0: Ball 1-0: Ball 2-0: SINGLE (Line Drive, 9S) Luis González to second Runner from 2nd tries for 3rd, OUT!
|
Batting: LHB Frank Geddes
|
0-0: Fielders Choice at 2nd, 4-6 (Groundball, 4M)
|
Batting: LHB José Berroa
|
0-0: Called Strike 0-1: Ball 1-1: Fly out, F8 (Line Drive, 8LM)
|
Top of the 1st over - 0 run(s), 1 hit(s), 0 error(s), 1 left on base; Balzac 0 - Bismark 0 |
BOTTOM OF THE 1ST |
Bismark Border Guards batting - Pitching for Balzac Rams : RHP Andrew Barnard
|
Pitching: RHP Andrew Barnard
|
|
Batting: LHB Nelson Peña
|
0-0: Foul Ball, location: 2F 0-1: Ball 1-1: Swinging Strike 1-2: Strikes out swinging
|
Batting: LHB Jim Jensen
|
0-0: Ball 1-0: SINGLE (Groundball, 4MD)
|
Batting: RHB Carlos MacKinney
|
0-0: Called Strike 0-1: Foul Ball, location: 2F 0-2: Ball 1-2: Ball 2-2: Foul Ball, location: 2F 2-2: SINGLE (Groundball, 56D) Jim Jensen to second
|
Batting: LHB Norberto Muñóz
|
0-0: Foul Ball, location: 2F 0-1: Ball 1-1: Ball 2-1: Foul Ball, location: 2F 2-2: Ball 3-2: Foul Ball, location: 2F 3-2: SINGLE (Groundball, 5D) Jim Jensen to third Carlos MacKinney to second
|
Batting: RHB Mike Wright
|
0-0: Ball 1-0: Ball 2-0: Called Strike 2-1: Ball 3-1: Base on Balls Jim Jensen scores Carlos MacKinney to third Norberto Muñóz to second
|
Batting: RHB Ramiro Ross
|
0-0: Called Strike 0-1: Grounds into double play, 6-4-3 (Groundball, 6M)
|
Bottom of the 1st over - 1 run(s), 3 hit(s), 0 error(s), 2 left on base; Balzac 0 - Bismark 1 |
TOP OF THE 2ND |
Balzac Rams batting - Pitching for Bismark Border Guards : LHP Pedro Mata
|
Batting: RHB Josh Richardson
|
0-0: Swinging Strike 0-1: Foul Ball, location: 2F 0-2: Ball 1-2: Ball 2-2: Foul Ball, location: 2F 2-2: SINGLE (Flyball, 89S)
|
Batting: LHB Tomás Trinidad
|
0-0: Called Strike 0-1: TRIPLE (Line Drive, 9LM) Josh Richardson scores
|
Batting: LHB Juan Carlos Sánchez
|
0-0: Ball 1-0: Swinging Strike 1-1: Foul Ball, location: 2F 1-2: Strikes out swinging
|
Batting: RHB Scott Green
|
0-0: Ball Wild Pitch! Tomás Trinidad scores 1-0: Called Strike 1-1: SINGLE (Groundball, 6M) (infield hit)
|
Batting: LHB William Wolf
|
0-0: Ball 1-0: Foul Ball, location: 2F 1-1: Ball 2-1: DOUBLE (Line Drive, 9LS) Scott Green to third Runner from 3rd tries for Home, SAFE, no throw or cutoff
|
Batting: RHB Luis González
|
0-0: Ball 1-0: Ground out 4-3 (Groundball, 4) William Wolf to third
|
Batting: LHB Ryan Drake
|
0-0: Foul Ball, location: 2F 0-1: Ball 1-1: Called Strike 1-2: Ball 2-2: Ball 3-2: Foul Ball, location: 2F 3-2: Base on Balls
|
Batting: LHB Frank Geddes
|
0-0: Called Strike 0-1: Ball 1-1: Called Strike 1-2: Strikes out looking
|
Top of the 2nd over - 3 run(s), 4 hit(s), 0 error(s), 2 left on base; Balzac 3 - Bismark 1 |
BOTTOM OF THE 2ND |
Bismark Border Guards batting - Pitching for Balzac Rams : RHP Andrew Barnard
|
Batting: RHB Zi-xing King
|
0-0: Bunted foul 0-1: Fly out, F9 (Flyball, 89M)
|
Batting: LHB John Summers
|
0-0: Ball 1-0: Ball 2-0: Foul Ball, location: 2F 2-1: Ball 3-1: Base on Balls
|
Batting: RHB Enrico Rodríguez
|
0-0: Called Strike 0-1: Swinging Strike 0-2: Ball 1-2: Foul Ball, location: 2F 1-2: Strikes out swinging
|
Batting: LHB Nelson Peña
|
0-0: Ball 1-0: Called Strike 1-1: DOUBLE (Line Drive, 9LM) John Summers to third
|
Batting: LHB Jim Jensen
|
0-0: Foul Ball, location: 2F 0-1: Ball 1-1: Ball 2-1: Called Strike 2-2: Fly out, F8 (Flyball, 8LM)
|
Bottom of the 2nd over - 0 run(s), 1 hit(s), 0 error(s), 2 left on base; Balzac 3 - Bismark 1 |
TOP OF THE 3RD |
Balzac Rams batting - Pitching for Bismark Border Guards : LHP Pedro Mata
|
Batting: LHB José Berroa
|
0-0: Ground out 6-3 (Groundball, 56)
|
Batting: RHB Josh Richardson
|
0-0: Ball 1-0: Ball 2-0: Foul Ball, location: 2F 2-1: SINGLE (Groundball, 6MD)
|
Batting: LHB Tomás Trinidad
|
0-0: Ball 1-0: Ball 2-0: Ball 3-0: Base on Balls Josh Richardson to second
|
Batting: LHB Juan Carlos Sánchez
|
0-0: Ball 1-0: Ball 2-0: Ball 3-0: Called Strike 3-1: Base on Balls Josh Richardson to third Tomás Trinidad to second
|
Batting: RHB Scott Green
|
0-0: Grounds into double play, 5-4-3 (Groundball, 56)
|
Top of the 3rd over - 0 run(s), 1 hit(s), 0 error(s), 2 left on base; Balzac 3 - Bismark 1 |
BOTTOM OF THE 3RD |
Bismark Border Guards batting - Pitching for Balzac Rams : RHP Andrew Barnard
|
Batting: RHB Carlos MacKinney
|
0-0: Ball 1-0: Ball 2-0: Ground out 5-3 (Groundball, 56)
|
Batting: LHB Norberto Muñóz
|
0-0: Ball 1-0: Ball 2-0: Ground out 5-3 (Groundball, 5)
|
Batting: RHB Mike Wright
|
0-0: Ball 1-0: Foul Ball, location: 2F 1-1: Swinging Strike 1-2: Ground out 6-3 (Groundball, 6)
|
Bottom of the 3rd over - 0 run(s), 0 hit(s), 0 error(s), 0 left on base; Balzac 3 - Bismark 1 |
TOP OF THE 4TH |
Balzac Rams batting - Pitching for Bismark Border Guards : LHP Pedro Mata
|
Batting: LHB William Wolf
|
0-0: Called Strike 0-1: Ball 1-1: Ball 2-1: Ball 3-1: Ground out 6-3 (Groundball, 6M)
|
Batting: RHB Luis González
|
0-0: Ball 1-0: SINGLE (Groundball, 6MD)
|
Batting: LHB Ryan Drake
|
0-0: Ball 1-0: DOUBLE (Line Drive, 9LM) Luis González to third
|
Batting: LHB Frank Geddes
|
0-0: Called Strike 0-1: Ball 1-1: Foul Ball, location: 2F 1-2: SINGLE (Groundball, 34D) Luis González scores Ryan Drake to third
|
Batting: LHB José Berroa
|
0-0: Ball 1-0: Ball 2-0: Called Strike 2-1: Called Strike Frank Geddes is caught stealing 2nd base 2-2: Ball 3-2: DOUBLE (Flyball, 78D) Ryan Drake scores
|
Batting: RHB Josh Richardson
|
0-0: Swinging Strike 0-1: Called Strike 0-2: Strikes out swinging
|
Top of the 4th over - 2 run(s), 4 hit(s), 0 error(s), 1 left on base; Balzac 5 - Bismark 1 |
BOTTOM OF THE 4TH |
Bismark Border Guards batting - Pitching for Balzac Rams : RHP Andrew Barnard
|
Batting: RHB Ramiro Ross
|
0-0: Called Strike 0-1: Ground out 5-3 (Groundball, 5)
|
Batting: RHB Zi-xing King
|
0-0: Called Strike 0-1: DOUBLE (Line Drive, 78D)
|
Batting: LHB John Summers
|
0-0: Swinging Strike 0-1: Ball 1-1: Foul Ball, location: 2F 1-2: Strikes out looking
|
Batting: RHB Enrico Rodríguez
|
0-0: Called Strike 0-1: Ball 1-1: Ball 2-1: Ground out 6-3 (Groundball, 56)
|
Bottom of the 4th over - 0 run(s), 1 hit(s), 0 error(s), 1 left on base; Balzac 5 - Bismark 1 |
TOP OF THE 5TH |
Balzac Rams batting - Pitching for Bismark Border Guards : LHP Pedro Mata
|
Batting: LHB Tomás Trinidad
|
0-0: Called Strike 0-1: Swinging Strike 0-2: Ball 1-2: Ball 2-2: Strikes out swinging
|
Batting: LHB Juan Carlos Sánchez
|
0-0: Ball 1-0: Ball 2-0: SOLO HOME RUN (Flyball, 78D), Distance : 391 ft
|
Batting: RHB Scott Green
|
0-0: Ball 1-0: Called Strike 1-1: Ball 2-1: Foul Ball, location: 2F 2-2: Foul Ball, location: 2F 2-2: Ground out 6-3 (Groundball, 6S)
|
Batting: LHB William Wolf
|
0-0: Ball 1-0: Called Strike 1-1: Fly out, F8 (Flyball, 8RM)
|
Top of the 5th over - 1 run(s), 1 hit(s), 0 error(s), 0 left on base; Balzac 6 - Bismark 1 |
BOTTOM OF THE 5TH |
Bismark Border Guards batting - Pitching for Balzac Rams : RHP Andrew Barnard
|
Batting: LHB Nelson Peña
|
0-0: Ground out 2-3 (Groundball, 13S)
|
Batting: LHB Jim Jensen
|
0-0: Ball 1-0: Swinging Strike 1-1: Called Strike 1-2: Foul Ball, location: 2F 1-2: Ball 2-2: Ball 3-2: SINGLE (Groundball, 4MD)
|
Batting: RHB Carlos MacKinney
|
0-0: Called Strike 0-1: Ball 1-1: Ball 2-1: Fielders Choice at 2nd, 1-4 (Groundball, 23)
|
Batting: LHB Norberto Muñóz
|
0-0: Ball 1-0: Ball 2-0: Called Strike 2-1: Called Strike 2-2: Foul Ball, location: 2F 2-2: Strikes out looking
|
Bottom of the 5th over - 0 run(s), 1 hit(s), 0 error(s), 1 left on base; Balzac 6 - Bismark 1 |
TOP OF THE 6TH |
Balzac Rams batting - Pitching for Bismark Border Guards : LHP Pedro Mata
|
Pitching: RHP Arthur Green
|
|
Batting: RHB Luis González
|
0-0: Ball 1-0: Called Strike 1-1: Ball 2-1: Foul Ball, location: 2F 2-2: Strikes out looking
|
Batting: LHB Ryan Drake
|
0-0: Foul Ball, location: 2F 0-1: Swinging Strike 0-2: Ball 1-2: Ball 2-2: DOUBLE (Line Drive, 89M)
|
Batting: LHB Frank Geddes
|
0-0: Ball 1-0: Ball 2-0: Swinging Strike 2-1: Ball 3-1: Called Strike 3-2: Foul Ball, location: 2F 3-2: Base on Balls
|
Batting: LHB José Berroa
|
0-0: Ball 1-0: Swinging Strike 1-1: Foul Ball, location: 2F 1-2: Fly out, F6 (Popup, 56D)
|
Batting: RHB Josh Richardson
|
0-0: Called Strike 0-1: Ball 1-1: Called Strike 1-2: Ball 2-2: Hit by Pitch Ryan Drake to third Frank Geddes to second
|
Batting: LHB Tomás Trinidad
|
0-0: Ball 1-0: Fly out, F7 (Flyball, 78M)
|
Top of the 6th over - 0 run(s), 1 hit(s), 0 error(s), 3 left on base; Balzac 6 - Bismark 1 |
BOTTOM OF THE 6TH |
Bismark Border Guards batting - Pitching for Balzac Rams : RHP Andrew Barnard
|
Batting: RHB Mike Wright
|
0-0: Called Strike 0-1: Ball 1-1: Swinging Strike 1-2: Strikes out swinging
|
Batting: RHB Ramiro Ross
|
0-0: Ball 1-0: Ball 2-0: Ball 3-0: Base on Balls
|
Batting: RHB Zi-xing King
|
0-0: Ball 1-0: Ball 2-0: Called Strike 2-1: Ground out 3-1 (Groundball, 34S) Ramiro Ross to second
|
Pitching: RHP Savino Ammanati
|
|
Batting: LHB John Summers
|
0-0: Ball 1-0: Ball 2-0: Ball 3-0: Foul Ball, location: 2F 3-1: Base on Balls
|
Batting: RHB Enrico Rodríguez
|
0-0: Fielders Choice at 2nd, 5-4 (Groundball, 56)
|
Bottom of the 6th over - 0 run(s), 0 hit(s), 0 error(s), 1 left on base; Balzac 6 - Bismark 1 |
TOP OF THE 7TH |
Balzac Rams batting - Pitching for Bismark Border Guards : RHP Arthur Green
|
Batting: LHB Juan Carlos Sánchez
|
0-0: Called Strike 0-1: SOLO HOME RUN (Line Drive, 9D), Distance : 372 ft
|
Batting: RHB Scott Green
|
0-0: Ball 1-0: Fly out, F3 (Popup, 3SF)
|
Batting: LHB William Wolf
|
0-0: Called Strike 0-1: Ball 1-1: DOUBLE (Line Drive, 3D)
|
Batting: RHB Luis González
|
0-0: Ground out 5-3 (Groundball, 56S) William Wolf to third
|
Batting: LHB Ryan Drake
|
0-0: Ball 1-0: Ball 2-0: Ball 3-0: Base on Balls
|
Batting: LHB Frank Geddes
|
0-0: Ball 1-0: Ball 2-0: Called Strike 2-1: Ball 3-1: Base on Balls Ryan Drake to second
|
Batting: LHB José Berroa
|
0-0: Ball 1-0: Ball 2-0: Swinging Strike 2-1: Foul Ball, location: 2F 2-2: Ball 3-2: Foul Ball, location: 2F 3-2: Ground out 1-3 (Groundball, 15)
|
Top of the 7th over - 1 run(s), 2 hit(s), 0 error(s), 3 left on base; Balzac 7 - Bismark 1 |
BOTTOM OF THE 7TH |
Bismark Border Guards batting - Pitching for Balzac Rams : RHP Savino Ammanati
|
Batting: LHB Nelson Peña
|
0-0: Fly out, F2 (Popup, 2LF)
|
Batting: LHB Jim Jensen
|
0-0: Foul Ball, location: 2F 0-1: Foul Ball, location: 2F 0-2: Ball 1-2: Strikes out swinging
|
Batting: RHB Carlos MacKinney
|
0-0: Ball 1-0: Called Strike 1-1: Ball 2-1: Called Strike 2-2: Foul Ball, location: 2F 2-2: Strikes out looking
|
Bottom of the 7th over - 0 run(s), 0 hit(s), 0 error(s), 0 left on base; Balzac 7 - Bismark 1 |
TOP OF THE 8TH |
Balzac Rams batting - Pitching for Bismark Border Guards : RHP Arthur Green
|
Pitching: RHP Andrew Kirk
|
|
Batting: RHB Josh Richardson
|
0-0: Called Strike 0-1: Ball 1-1: Foul Ball, location: 2F 1-2: Ball 2-2: Ground out 6-3 (Groundball, 6)
|
Batting: LHB Tomás Trinidad
|
0-0: Called Strike 0-1: Ball 1-1: Foul Ball, location: 2F 1-2: Ball 2-2: Ball 3-2: Fly out, F9 (Flyball, 9M)
|
Batting: LHB Juan Carlos Sánchez
|
0-0: Ball 1-0: Ball 2-0: Ball 3-0: Base on Balls
|
Batting: RHB Scott Green
|
0-0: Ball 1-0: Called Strike 1-1: DOUBLE (Line Drive, 7LM) Juan Carlos Sánchez to third
|
Batting: LHB William Wolf
|
0-0: Ball 1-0: Fly out, F9 (Flyball, 9M)
|
Top of the 8th over - 0 run(s), 1 hit(s), 0 error(s), 2 left on base; Balzac 7 - Bismark 1 |
BOTTOM OF THE 8TH |
Bismark Border Guards batting - Pitching for Balzac Rams : RHP Savino Ammanati
|
Batting: LHB Norberto Muñóz
|
0-0: Ground out 4-3 (Groundball, 4D)
|
Batting: RHB Mike Wright
|
0-0: Ball 1-0: Called Strike 1-1: Swinging Strike 1-2: Ball 2-2: Foul Ball, location: 2F 2-2: Ball 3-2: Base on Balls
|
Batting: RHB Ramiro Ross
|
0-0: Fly out, F3 (Popup, 3F)
|
Batting: RHB Zi-xing King
|
0-0: Ball 1-0: Ground out 5-3 (Groundball, 5S)
|
Bottom of the 8th over - 0 run(s), 0 hit(s), 0 error(s), 1 left on base; Balzac 7 - Bismark 1 |
TOP OF THE 9TH |
Balzac Rams batting - Pitching for Bismark Border Guards : RHP Andrew Kirk
|
Batting: RHB Luis González
|
0-0: SINGLE (Groundball, 6MD)
|
Batting: LHB Ryan Drake
|
0-0: Ball 1-0: Bunt missed! 1-1: Sac Bunt - play at first, batter OUT! 5-4 Luis González to second
|
Batting: LHB Frank Geddes
|
0-0: Ball 1-0: Ball 2-0: Ball 3-0: Called Strike 3-1: Foul Ball, location: 2F 3-2: Strikes out looking
|
Batting: LHB José Berroa
|
0-0: Ball 1-0: Foul Ball, location: 2F 1-1: Swinging Strike 1-2: Ball 2-2: Strikes out swinging
|
Top of the 9th over - 0 run(s), 1 hit(s), 0 error(s), 1 left on base; Balzac 7 - Bismark 1 |
BOTTOM OF THE 9TH |
Bismark Border Guards batting - Pitching for Balzac Rams : RHP Savino Ammanati
|
Batting: LHB John Summers
|
0-0: Ball 1-0: Foul Ball, location: 2F 1-1: Called Strike 1-2: Strikes out looking
|
Batting: RHB Enrico Rodríguez
|
0-0: Called Strike 0-1: Ball 1-1: Called Strike 1-2: Ball 2-2: Fly out, F4 (Line Drive, 4D)
|
Batting: LHB Nelson Peña
|
0-0: Swinging Strike 0-1: Ball 1-1: Foul Ball, location: 2F 1-2: Ball 2-2: Ball 3-2: Strikes out looking
|
Bottom of the 9th over - 0 run(s), 0 hit(s), 0 error(s), 0 left on base; Balzac 7 - Bismark 1 |
|